 Dungeon Crawl Stone Soup version 0.27.1-33-g824d729ab1 (webtiles) character file.

Game seed: 4613708499360164533

26 tkbsonic5 the Sneak (level 2, 0/13 HPs)
             Began as a Spriggan Summoner on Nov 28, 2021.
             Slain by a worm (6 damage)
             ... on level 1 of the Dungeon.
             The game lasted 00:13:55 (2550 turns).

tkbsonic5 the Sneak (Spriggan Summoner)             Turns: 2550, Time: 00:13:56

Health: 0/13       AC:  2    Str:  4    XL:     2   Next: 89%
Magic:  5/7        EV: 17    Int: 16    God:
Gold:   72         SH:  0    Dex: 15    Spells: 1/7 levels left

rFire    . . .     SeeInvis +   b - +0 mace
rCold    . . .     Faith    .   (shield restricted)
rNeg     . . .     Spirit   .   a - +0 robe
rPois    .         Reflect  .   (helmet restricted)
rElec    .         Harm     .   (no cloak)
rCorr    .         Rampage  .   (gloves unavailable)
Will     .....                  (boots unavailable)
Stlth    +++.......             (no amulet)
HPRegen  0.04/turn              (no ring)
MPRegen  0.10/turn              (no ring)

@: very quick
A: very small, no large weapons, unfitting armour, see invisible, speed 3
a: no special abilities


You were on level 1 of the Dungeon.
You visited 1 branch of the dungeon, and saw 2 of its levels.

You collected 72 gold pieces.

Inventory:

Hand Weapons
 b - a +0 mace (weapon)
Armour
 a - a +0 robe (worn)


   Skills:
 + Level 2.9 Dodging
 * Level 3.7 Stealth
 * Level 3.1 Spellcasting
 * Level 1.1 Hexes
 * Level 3.5 Summonings


You had one spell level left.
You knew the following spells:

 Your Spells              Type           Power      Damage    Failure   Level
a - Summon Small Mammal   Summ           52%        N/A       4%          1
b - Corona                Hex            6%         N/A       12%         1
c - Ensorcelled Hibernat  Hex/Ice        8%         N/A       22%         2
d - Call Imp              Summ           13%        N/A       7%          2

Your spell library contained the following spells:

 Spells                   Type           Power      Damage    Failure   Level
 Call Canine Familiar     Summ           13%        N/A       13%         3
 Summon Guardian Golem    Hex/Summ       9%         N/A       22%         3
 Tukima's Dance           Hex            6%         N/A       34%         3
 Summon Lightning Spire   Summ/Air       8%         N/A       65%         4


Dungeon Overview and Level Annotations

Branches:
Dungeon (2/15)

Altars:

Shops:
D:1 *

Annotations:
D:2 Natasha, Robin


Innate Abilities, Weirdness & Mutations

You are very small and have problems with some larger weapons.
You are too small for most types of armour.
You have supernaturally acute eyesight. (SInv)
You cover ground extremely quickly. (Speed+++)


Message History

The ball python bites you but does no damage.
The ball python grabs you. The ball python constricts you.
The ball python closely misses you. The ball python constricts you.
Robin roars a battlecry!
You escape the ball python's grasp.
Your crimson imp hits the ball python.
Robin hits you but does no damage.
You climb upwards.
Your summoned allies are left behind.
There is a stone staircase leading down here.
You hit the ball python but do no damage.
The ball python is heavily wounded.
The ball python bites you. The ball python misses you.
The ball python bites you but does no damage.
The ball python barely misses you.
You hit the ball python.
You kill the ball python!
You start resting.
Magic restored.
You start resting.
HP restored.
You climb downwards.
Level annotation: Natasha, Robin The goblin shouts!
There is a stone staircase leading up here.
The goblin completely misses you. The worm misses you.
You climb upwards.
There is a stone staircase leading down here.
You hit the goblin.
The goblin is moderately wounded.
The goblin barely misses you. The worm bites you!
Ouch! That really hurt!
The goblin closely misses you.
You barely miss the goblin.
The goblin is moderately wounded.
The goblin misses you.
You are too injured to fight recklessly!
Casting: Call Imp (safe; 7% risk of failure)
Confirm with . or Enter, or press ? or * to list all spells.
A beastly little devil appears in a puff of flame.
The worm bites you.
You die...

### ### #.# #.# #.# #.# #.# #.#
#.# #.######### #.# #.........#
#.# #5####.####
#######.########g# #.#
...............w@# #.#
....###.###.#########.#########
....# #.#.....................#
....# #.#.#.#########.#######.#
....# #.#........# #.# #.#
....# #.#........# #.# #.#
....###.#........# #.# #r#
......#.#........# #.# #.#
....###.#........# #.# #.#


You could see a worm, a goblin (ally target) and a friendly crimson imp
(summoned).

Vanquished Creatures
  3 ball pythons (D:1)
  A goblin (D:1)
  A bat (D:1)
  A frilled lizard (D:1)
6 creatures vanquished.

Vanquished Creatures (collateral kills)
  A worm (D:2)
  A ball python (D:1)
  2 giant cockroaches
  6 hobgoblins
  A kobold (D:1)
  2 quokkas (D:1)
  3 bats (D:1)
  8 goblins
  3 rats
27 creatures vanquished.

Vanquished Creatures (others)
  A withered plant (D:2)
1 creature vanquished.

Grand Total: 34 creatures vanquished

Notes
Turn   | Place    | Note
-------+----------+-------------------------------------------
     0 | D:1      | tkbsonic5 the Spriggan Summoner began the quest for the
                  | Orb.
     0 | D:1      | Reached XP level 1. HP: 9/9 MP: 5/5
    21 | D:1      | Learned a level 1 spell: Corona
    23 | D:1      | Found Buq Buarch's General Store.
   347 | D:1      | Found a faded altar of an unknown god.
   600 | D:1      | Reached XP level 2. HP: 13/13 MP: 2/6
   603 | D:1      | Learned a level 2 spell: Ensorcelled Hibernation
   606 | D:1      | Learned a level 2 spell: Call Imp
  1334 | D:2      | Noticed Robin
  1719 | D:2      | Noticed Natasha
  1729 | D:2      | Noticed a crimson imp
  2347 | D:2      | Reached skill level 1 in Hexes
  2550 | D:1      | Slain by a worm

Illustrated notes

Levels and vault maps discovered:
D:1:      lightli_arrival_statue_moat, layout_basic, basic_ecumenical_altar,
          serial_shops, nicolae_shop_temple_entry_statues_fountains
D:2:      layout_basic, serial_undead, serial_undead_c, serial_undead_b,
          serial_undead_c, serial_undead_e, dk_noncrumbling_4,
          uniq_crazy_yiuf_cottage, uniq_robin, uniq_natasha

Skill      XL: |  1  2 |
---------------+-------+-----
Spellcasting   | 3 |  3.1
Hexes          | 1 |  1.1
Dodging        | |  2.9
Stealth        | |  3.7
Summonings     | |  3.5

Action                   || total
-------------------------++-------
Melee: Mace              ||    32
       Unarmed           ||     4
 Cast: Summon Small Mamm ||    29
       Corona            ||     7
       Call Imp          ||    26
  Use: Potion            ||     3
 Stab: Sleeping          ||     1
Armor: Robe              ||    12
Dodge: Dodged            ||    62
